 Dungeon Crawl Stone Soup version 0.18.1-50-g88ac8fd (webtiles) character file.

2086 nikopol the Cleaver (level 9, -11/118 HPs)
             Began as a Minotaur Berserker on Oct 6, 2016.
             Was an Elder of Trog.
             Mangled by Duraxyll's ghost (18 damage)
             ... on level 7 of the Dungeon.
             The game lasted 00:12:01 (5300 turns).

nikopol the Cleaver (Minotaur Berserker)            Turns: 5300, Time: 00:12:03

Health: -11/118    AC:  9    Str: 27    XL:     9   Next: 6%
Magic:  8/8        EV: 13    Int:  4    God:    Trog [****..]
Gold:   354        SH:  0    Dex: 13    Spells: 0 memorised, 8 levels left

rFire  . . .     SeeInvis .     a - +0 war axe
rCold  . . .     Gourm    .     t - +0 scale mail
rNeg   . . .     Faith    .     (no shield)
rPois  .         Spirit   .     (helmet restricted)
rElec  .         Dismiss  .     q - +0 cloak
rCorr  .         Reflect  .     (no gloves)
SustAt .         Harm     .     (no boots)
MR     .....                    (no amulet)
Stlth  ..........               (no ring)
                                (no ring)

@: berserking, very quick, not resistant to hostile enchantments, extremely
unstealthy
A: retaliatory headbutt, horns 2
a: Berserk, Trog's Hand, Brothers in Arms, Burn Spellbooks, Renounce Religion


You were on level 7 of the Dungeon.
You worshipped Trog.
Trog was greatly pleased with you.
You were hungry.

You visited 1 branch of the dungeon, and saw 7 of its levels.

You collected 354 gold pieces.

Inventory:

Hand Weapons
 a - a +0 war axe (weapon)
 z - a +0 shortbow
 C - a +0 hand axe
Missiles
 h - 17 arrows
Armour
 b - a +0 animal skin
 e - a +0 leather armour of cold resistance
 q - a +0 cloak (worn)
 t - a +0 scale mail (worn)
Jewellery
 s - an uncursed ring of resist corrosion {unknown}
Wands
 y - a wand of iceblast (7/15)
Scrolls
 f - 2 scrolls of blinking {unknown}
 g - 7 scrolls of remove curse {unknown}
 i - 8 scrolls of identify {unknown}
 k - a scroll of amnesia {unknown}
 l - 2 scrolls of fear {unknown}
 n - 2 scrolls of fog {unknown}
 w - a scroll of enchant weapon {unknown}
 x - a scroll of immolation {unknown}
 B - 2 scrolls of random uselessness {unknown}
Potions
 j - 2 potions of haste {unknown}
 m - 2 potions of ambrosia {unknown}
 o - 2 potions of heal wounds {unknown}
 p - 2 potions of cure mutation {unknown}
 r - 3 potions of lignification {unknown}
 u - 3 potions of curing {unknown}
 v - a potion of might {unknown}
 A - a potion of resistance {unknown}
 E - 2 potions of degeneration {unknown}
Comestibles
 c - 4 bread rations
 d - 4 fruits
 D - 5 chunks of flesh


   Skills:
 + Level 7.4 Fighting
 * Level 8.3 Axes
 * Level 4.1 Bows
 + Level 6.8 Armour
 + Level 6.3 Dodging


You had 8 spell levels left.
You didn't know any spells.

Dungeon Overview and Level Annotations

Branches:
Dungeon (7/15)             Temple (0/1) D:4

Altars:
Dithmenos
Nemelex Xobeh
Pakellas
Vehumet

Shops:
D:5 (

Annotations:
D:7 Duraxyll's ghost, novice MiBe


Innate Abilities, Weirdness & Mutations

You reflexively headbutt those who attack you in melee.
You have a pair of horns on your head.


Message History

Duraxyll's ghost hits you!
* * * LOW HITPOINT WARNING * * *
Space bends around you.
* * * LOW HITPOINT WARNING * * *
You hit Duraxyll's ghost but do no damage.
Duraxyll's ghost is severely damaged.
You hit the plant.
The plant is moderately damaged.
Duraxyll's ghost barely misses you.
You hit Duraxyll's ghost. Your headbutt misses Duraxyll's ghost.
Duraxyll's ghost is almost destroyed.
You hit the plant.
The plant is moderately damaged.
The crimson imp blinks!
You barely miss Duraxyll's ghost. Your headbutt misses Duraxyll's ghost.
Duraxyll's ghost is almost destroyed.
You slash the plant!
The plant is heavily damaged.
Duraxyll's ghost hits you!!
You die...

≈ ... #.......≈♣P≈♣≈≈♣
..).#......(♣≈≈≈≈≈≈≈
#.......h♣(≈≈P≈≈♣≈
≈≈≈♣≈$##.##....≈♣≈P≈PP≈P≈
P♣♣≈≈≈..##.......♣≈P♣P≈≈≈≈≈
.≈≈≈≈♣..#####....♣≈P≈≈≈≈≈≈≈
..l≈...P#########≈♣≈≈P≈≈≈≈≈
P..P.♣P......###♣♣♣≈≈≈≈≈≈≈≈
#..5.P.......5W@†≈≈≈≈≈≈≈≈≈≈
#..PP....$...###P≈§≈≈≈≈≈≈≈≈
#.....[.W###≈≈≈≈≈≈≈≈≈≈≈
#....≈≈P♣...P≈♣P≈≈≈≈≈≈≈
####≈♣≈≈≈.##♣≈≈≈≈≈≈≈≈≈≈
#♣≈≈≈♣..<♣≈≈≈≈≈≈≈≈≈≈
#..##.#.≈≈≈♣≈≈≈≈≈≈≈
#.......≈♣≈≈≈≈≈≈≈≈
#########♣≈≈PP≈≈≈


You could see Duraxyll's ghost and a shadow imp.

Vanquished Creatures
  Sigmund (D:2)
  Edmund (D:6)
  Menkaure (D:6)
  A water moccasin (D:6)
  Duvessa (D:6)
  2 ice beasts
  A sky beast (D:6)
  An ogre (D:6)
  2 phantoms (D:4)
  A centaur (D:5)
  A crocodile (D:7)
  2 giant frogs (D:6)
  Dowan (D:6)
  A howler monkey (D:4)
  3 crimson imps
  Crazy Yiuf (D:2)
  4 orc wizards (D:4)
  An orc priest (D:6)
  A giant frog skeleton (D:5)
  2 hounds
  2 worker ants (D:5)
  A worker ant zombie (D:7)
  6 adders
  2 worms
  5 dart slugs (D:1)
  4 giant geckos
  16 orcs
  A ball python (D:1)
  9 giant cockroaches
  3 goblins
  5 hobgoblins
  9 jackals
  4 kobolds
  A quokka (D:5)
  3 bats
  4 giant newts
  7 rats
111 creatures vanquished.

Vanquished Creatures (others)
  A yak (D:2)
1 creature vanquished.

Grand Total: 112 creatures vanquished

Notes
Turn   | Place    | Note
--------------------------------------------------------------
     0 | D:1      | nikopol the Minotaur Berserker began the quest for the Orb.
     0 | D:1      | Reached XP level 1. HP: 19/19 MP: 0/0
   206 | D:1      | Reached XP level 2. HP: 18/27 MP: 1/1
   558 | D:1      | Reached skill level 4 in Axes
   566 | D:1      | Reached ** piety under Trog
   590 | D:1      | Reached XP level 3. HP: 33/33 MP: 2/2
   842 | D:2      | Noticed Crazy Yiuf
   850 | D:2      | Killed Crazy Yiuf
   850 | D:2      | Reached XP level 4. HP: 25/41 MP: 0/3
  1033 | D:2      | Noticed Sigmund
  1039 | D:2      | Killed Sigmund
  1039 | D:2      | Reached skill level 5 in Fighting
  1039 | D:2      | Reached skill level 5 in Axes
  1039 | D:2      | Reached XP level 5. HP: 48/48 MP: 4/4
  1398 | D:2      | Found an oddly glowing altar of Pakellas.
  1398 | D:2      | Noticed an orange crystal statue
  1399 | D:2      | Noticed a yak
  1409 | D:2      | Killed a yak
  1525 | D:3      | Reached *** piety under Trog
  1768 | D:3      | Found a radiant altar of Vehumet.
  1836 | D:3      | Reached XP level 6. HP: 51/56 MP: 5/5
  2401 | D:4      | Found a staircase to the Ecumenical Temple.
  2564 | D:4      | Reached XP level 7. HP: 59/62 MP: 6/6
  2597 | D:4      | Reached skill level 5 in Armour
  2922 | D:4      | Reached skill level 6 in Axes
  2922 | D:4      | Reached skill level 5 in Dodging
  3613 | D:5      | Entered Level 5 of the Dungeon
  3681 | D:5      | Found a shadowy altar of Dithmenos.
  3909 | D:5      | Found Vebidan's Weapon Shop.
  3999 | D:5      | Reached XP level 8. HP: 60/71 MP: 7/7
  4099 | D:6      | Reached **** piety under Trog
  4102 | D:6      | Reached skill level 7 in Axes
  4102 | D:6      | Reached skill level 1 in Bows
  4163 | D:6      | Noticed Menkaure
  4174 | D:6      | Killed Menkaure
  4229 | D:6      | Found a sparkling altar of Nemelex Xobeh.
  4428 | D:6      | Noticed Edmund
  4437 | D:6      | Killed Edmund
  4525 | D:6      | Noticed Duvessa
  4525 | D:6      | Noticed Dowan
  4540 | D:6      | Killed Duvessa
  4544 | D:6      | Killed Dowan
  4558 | D:6      | Reached skill level 8 in Axes
  4954 | D:6      | Reached XP level 9. HP: 62/79 MP: 8/8
  5209 | D:7      | Noticed Duraxyll's ghost (novice MiBe)
  5300 | D:7      | Mangled by Duraxyll's ghost

Skill      XL: |  1  2  3  4  5  6  7  8  9 |
---------------+----------------------------+-----
Fighting       | 4 5 6 7 |  7.4
Axes           | 4 5 6 8 |  8.3
Armour         | 3 4 6 |  6.8
Dodging        | 3 4 5 6 |  6.3
Bows           | 3 4 |  4.1

Action                   |  1- 3 |  4- 6 |  7- 9 || total
-------------------------+-------+-------+-------++-------
Melee: Hand axe          |    61 |   105 |    59 ||   225
       Headbutt          |     8 |    21 |    28 ||    57
       War axe           |       |       |   111 ||   111
 Fire: Shortbow          |       |       |    19 ||    19
Invok: Berserk           |     1 |     3 |     4 ||     8
       Burn Spellbooks   |       |     1 |       ||     1
  Eat: Chunk             |       |     8 |    11 ||    19
       Fruit             |       |       |     2 ||     2
Armor: Leather armour    |    11 |    32 |     6 ||    49
       Animal skin       |     1 |       |       ||     1
       Scale mail        |       |       |    43 ||    43
Dodge: Dodged            |    40 |    61 |    83 ||   184
